 Dungeon Crawl Stone Soup version 0.30-a0-696-g2367cd04db (webtiles) character file.

Game seed: 11046889563137834053

242 pokeman the Magician (level 5, -2/29 HPs)
             Began as a Deep Elf Hedge Wizard on Jan 21, 2023.
             Killed by nerve-wracking pain
             ... invoked by Grinder
              (9 damage)
             ... on level 4 of the Dungeon.
             The game lasted 00:05:55 (3171 turns).

pokeman the Magician (Deep Elf Hedge Wizard)        Turns: 3171, Time: 00:05:56

Health: -2/29      AC:  6    Str:  7    XL:     5   Next: 82%
Magic:  6/7        EV: 12    Int: 21    God:
Gold:   151        SH:  0    Dex: 14    Spells: 9/17 levels left

rFire   . . .      SeeInvis .    b - +9 arbalest of the Establishment {heavy, rC++ MP-9}
rCold   + + +      Faith    .    (shield currently unavailable)
rNeg    . . .      Spirit   .    p - +3 leather armour
rPois   .          Reflect  .    c - +0 hat
rElec   .          Harm     .    (no cloak)
rCorr   .          Rampage  .    (no gloves)
Will    +....                    (no boots)
Stlth   ++                       (no amulet)
HPRegen 0.24/turn                m - ring of protection from cold
MPRegen 0.10/turn                n - ring of willpower

@: no status effects
A: no striking features
a: no special abilities


You were on level 4 of the Dungeon.
You visited 1 branch of the dungeon, and saw 4 of its levels.

You collected 235 gold pieces.
You spent 84 gold pieces at shops.

Inventory:

Hand Weapons
 a - a +0 dagger
 b - the +9 arbalest of the Establishment (weapon) {heavy, rC++ MP-9}
   (You found it on level 3 of the Dungeon)

   rC:        It greatly protects you from cold.
   MP:        It affects your magic capacity (-9).
 v - the +6 flail of Layxuinn {drain, rElec rF- rN+ Int+2}
   (You found it on level 4 of the Dungeon)

   Int:       It affects your intelligence (+2).
   rF:        It makes you vulnerable to fire.
   rElec:     It insulates you from electricity.
   rN:        It protects you from negative energy.
Armour
 c - a +0 hat (worn)
 p - a +3 leather armour (worn)
Jewellery
 m - a ring of protection from cold (left hand)
 n - a ring of willpower (right hand)
 u - a ring of positive energy
Scrolls
 e - 2 scrolls of vulnerability {unknown}
 f - 3 scrolls of immolation {unknown}
 i - 4 scrolls of identify
 j - a scroll of brand weapon {unknown}
 k - a scroll of amnesia {unknown}
 l - 3 scrolls of teleportation
 o - a scroll of torment {unknown}
 s - a scroll of silence {unknown}
 t - a scroll of blinking {unknown}
Potions
 d - a potion of magic
 g - 2 potions of flight {unknown}
 h - a potion of berserk rage {unknown}
 q - a potion of heal wounds {unknown}
 r - a potion of brilliance {unknown}


   Skills:
 - Level 1.0 Fighting
 - Level 1.0 Armour
 - Level 3.0 Dodging
 - Level 3.0 Stealth
 * Level 6.5 Spellcasting
 + Level 2.9 Conjurations
 - Level 1.1 Summonings
 - Level 1.1 Translocations
 + Level 1.3 Air Magic
 + Level 1.3 Poison Magic


You had 9 spell levels left.
You knew the following spells:

 Your Spells              Type           Power      Damage    Failure   Level
a - Magic Dart            Conj           76%        1d6       4%          1
b - Mephitic Cloud        Conj/Pois/Air  14%        N/A       19%         3
c - Call Imp              Summ           11%        N/A       13%         2
d - Blink                 Tloc           22%        N/A       13%         2

Your spell library contained the following spells:

 Spells                   Type           Power      Damage    Failure   Level
 Apportation              Tloc           22%        N/A       9%          1
 Summon Small Mammal      Summ           44%        N/A       9%          1
 Necrotise                Necr           24%        1d5       14%         1
 Slow                     Hex            24%        N/A       14%         1
 Cigotuvi's Dreadful Rot  Necr/Pois/Air  20%        N/A       14%         2
 Ensorcelled Hibernation  Hex/Ice        12%        N/A       21%         2
 Passwall                 Tmut/Erth      5%         N/A       21%         2
 Sublimation of Blood     Necr           6%         N/A       21%         2
 Wereblood                Tmut           6%         N/A       21%         2
 Swiftness                Air            12%        N/A       24%         3
 Gell's Gravitas          Tloc           11%        N/A       26%         3
 Teleport Other           Tloc           11%        N/A       26%         3
 Dispersal                Tloc           5%         N/A       100%        6
 Summon Hydra             Summ           5%         N/A       100%        7


Dungeon Overview and Level Annotations

Branches:
Dungeon (4/15)
 Temple: D:4-7

Altars:
Yredelemnul

Shops:
D:2 ?

Annotations:
D:4 Grinder


Message History

Grinder zaps a wand.
The bolt of dispelling energy hits you!
Ouch! That really hurt!
Casting: Mephitic Cloud (quite dangerous; 26% risk of failure)
Confirm with . or Enter, or press ? or * to list all spells.
You can't see any susceptible monsters within range! (Use Z to cast anyway.) Fire: b) +9 arbalest of the Establishment {heavy, rC++ MP-9}
Press: ? - help, Q - select action, (/) - cycle Shift-Dir - straight line, f - Grinder
Aim: Grinder, carrying a wand of quicksilver (11) (61% to hit)
You shoot a bolt. The ogre shouts!
The bolt hits the ogre!!
You kill the ogre!
You hear a shout!
A hobgoblin comes into view.
Your Air Magic skill increases to level 1!
Your Poison Magic skill increases to level 1!
Fire: b) +9 arbalest of the Establishment {heavy, rC++ MP-9}
Press: ? - help, Q - select action, (/) - cycle Shift-Dir - straight line, f/p - Grinder
Aim: Grinder, carrying a wand of quicksilver (11) (61% to hit)
You shoot a bolt. The bolt hits Grinder!!
Grinder is almost dead.
Grinder zaps a wand.
The bolt of dispelling energy hits you.
Fire: b) +9 arbalest of the Establishment {heavy, rC++ MP-9}
Press: ? - help, Q - select action, (/) - cycle Shift-Dir - straight line, f/p - Grinder
Aim: Grinder, carrying a wand of quicksilver (10) (almost dead, 61% to hit)
You shoot a bolt. The bolt barely misses Grinder.
The bolt hits the hobgoblin!
You kill the hobgoblin!
Grinder gestures at you. You resist with almost no effort.
Grinder gestures at you. You resist with some effort.
Fire: b) +9 arbalest of the Establishment {heavy, rC++ MP-9}
Press: ? - help, Q - select action, (/) - cycle Shift-Dir - straight line, f/p - Grinder
Aim: Grinder, carrying a wand of quicksilver (10) (almost dead, 61% to hit)
You shoot a bolt. The bolt closely misses Grinder.
Grinder hits you.
You writhe in agony.
* * * LOW HITPOINT WARNING * * *
Grinder gestures at you. Pain shoots through your body!
You die...

.####....##...
.#.....#....# ..# ###
...........# .)...##.#
.......... .
.#.#..5@#+###.......# ..
......##....<.......#...
#...# ##......#........#
..# #.......#..# ...# #
#..........#..#
##.........<...#
#.....).....####
##...#..##### ##.#####


You could see Grinder.

Vanquished Creatures
  An ogre (D:4)
  2 orc wizards (D:3)
  2 adders (D:3)
  2 ufetubi
  3 worms
  A dart slug (D:1)
  2 orcs (D:3)
  9 ball pythons
  7 bats
  3 endoplasms
  2 giant cockroaches (D:2)
  A goblin (D:2)
  6 hobgoblins
  10 jackals
  6 kobolds
  2 frilled lizards
  7 rats
66 creatures vanquished.

Vanquished Creatures (collateral kills)
  A worm (D:2)
  An orc (D:3)
2 creatures vanquished.

Grand Total: 68 creatures vanquished

Notes
Turn   | Place    | Note
-------+----------+-------------------------------------------
     0 | D:1      | pokeman the Deep Elf Hedge Wizard began the quest for the
                  | Orb.
     0 | D:1      | Reached XP level 1. HP: 10/10 MP: 7/7
   184 | D:1      | Found a faded altar of an unknown god.
   201 | D:1      | Reached XP level 2. HP: 14/16 MP: 4/9
   941 | D:2      | Reached skill level 5 in Spellcasting
  1121 | D:2      | Reached XP level 3. HP: 20/20 MP: 9/11
  1125 | D:2      | Learned a level 3 spell: Mephitic Cloud
  1128 | D:2      | Learned a level 2 spell: Call Imp
  1131 | D:2      | Learned a level 2 spell: Blink
  1397 | D:2      | Reached skill level 1 in Fighting
  1780 | D:2      | Found Meyxkad's Magic Scroll Shoppe.
  1805 | D:2      | Bought a scroll of teleportation for 42 gold pieces
  1805 | D:2      | Bought a scroll of identify for 28 gold pieces
  1805 | D:2      | Bought a scroll of noise for 14 gold pieces
  2048 | D:3      | Reached skill level 1 in Armour
  2143 | D:3      | HP: 1/20 [orc wizard/puff of flame (9)]
  2145 | D:3      | Reached XP level 4. HP: 1/25 MP: 1/13
  2508 | D:3      | Identified the +9 arbalest of the Establishment {heavy,
                  | rC++ MP-9}
  2666 | D:3      | Found a basalt altar of Yredelemnul.
  2682 | D:3      | Reached XP level 5. HP: 27/29 MP: 6/15
  2832 | D:3      | Reached skill level 6 in Spellcasting
  3152 | D:4      | Identified the +6 flail of Layxuinn {drain, rElec rF- rN+
                  | Int+2}
  3167 | D:4      | Noticed Grinder
  3167 | D:4      | Noticed an ogre
  3168 | D:4      | Killed an ogre
  3169 | D:4      | Reached skill level 1 in Air Magic
  3169 | D:4      | Reached skill level 1 in Poison Magic
  3171 | D:4      | Killed from afar by Grinder

Illustrated notes

Levels and vault maps discovered:
D:1:      saegor_arrival_miasma, layout_rooms,
          ebering_ecumenical_altar_sacrificial, moated_statue
D:2:      layout_loops_ring, serial_shops, nicolae_shop_crystal,
          roderic_serpentine_path, nicolae_figureground_pulse
D:3:      layout_loops_ring, overflow_temple_1_default
D:4:      layout_cave_pools, kennysheep_mini, makhleb_altar_promises_db,
          nicolae_kite_square_tiling_tiny, st_stairs_5, uniq_grinder,
          uniq_blork_the_orc

Skill      XL: |  1  2  3  4  5 |
---------------+----------------+-----
Spellcasting   | 5 6 |  6.5
Fighting       | 1 |  1.0
Armour         | 1 |  1.0
Conjurations   | 2 |  2.9
Dodging        | 3 |  3.0
Stealth        | 3 |  3.0
Air Magic      | 1 |  1.3
Poison Magic   | 1 |  1.3
Summonings     | |  1.1
Translocations | |  1.1

Action                   |  1- 3 |  4- 6 || total
-------------------------+-------+-------++-------
Melee: Dagger            |    12 |     7 ||    19
       Arbalest          |       |     2 ||     2
 Fire: Arbalest          |       |    36 ||    36
 Cast: Magic Dart        |   102 |    20 ||   122
       Mephitic Cloud    |     2 |     2 ||     4
       Call Imp          |     2 |     1 ||     3
 Stab: Confused          |     2 |       ||     2
       Distracted        |     1 |       ||     1
Armor: Robe              |     8 |     1 ||     9
       Leather armour    |       |    14 ||    14
Dodge: Dodged            |    13 |    35 ||    48

Table legend: (Time is in decaauts)
 A = Elapsed time spent in this place.
 B = Non-inter-level travel time spent in this place.
 C = Inter-level travel time spent in this place.
 D = Time resting spent in this place.
 E = Time spent auto-exploring this place.
 F = Levels seen in this place.
 G = Mean time per level.
                   A        B        C        D        E       F      G
               +--------+--------+--------+--------+--------+-----+--------+
         Total |   3235 |   3190 |     45 |      0 |   2723 |   4 |  808.8 |
       Dungeon |   3235 |   3190 |     45 |      0 |   2723 |   4 |  808.8 |
               +--------+--------+--------+--------+--------+-----+--------+

Top non-repeatable levels by time:
     D:3: 1183 daAuts
     D:2: 1105 daAuts
     D:1: 917 daAuts
     D:4: 29 daAuts
